[Event "Kezmarok Chess Open 2022"]
[Site "Kezmarok"]
[Date "2022.09.26"]
[Round "4.4"]
[White "Bochnickova, Simona"]
[Black "Manik, Mikulas"]
[Result "0-1"]
[ECO "B51"]
[WhiteElo "1903"]
[BlackElo "2362"]
[Annotator "TA"]
[PlyCount "138"]
[EventDate "2022.09.24"]
[EventType "swiss"]
[EventCountry "SVK"]
[SourceTitle "playchess.com"]
[Source "ChessBase"]
[SourceQuality "1"]
[TimeControl "40/5400+30:1800+30"]

1. e4 c5 2. Nf3 d6 3. Bb5+ Nd7 4. a4 Ngf6 5. Nc3 g6 6. O-O {[%emt 0:00:10] B51: Sicilian: Moscow Variation (3 Bb5+) without 3...Bd7.} Bg7 7. a5 a6 8. Be2 {[%emt 0:00:11] White has an edge.} O-O 9. d3 b5 10. axb6 $1 Qxb6 {[%emt 0:00:01] [#]} 11. Kh1 $146 ({Predecessor:} 11. Nd2 Qc7 12. Nc4 Rb8 13. Be3 Nb6 14. Nxb6 Rxb6 15. Qc1 Qb8 16. e5 dxe5 17. Na4 {½-½ (25) Huschenbeth,N (2608)-Areshchenko,A (2690) Legnica 2021}) 11... Bb7 12. Nd2 d5 13. f4 e6 14. Qe1 Nb8 15. Qf2 Qc7 16. Bf3 (16. e5 $5 ) 16... dxe4 17. dxe4 (17. Ndxe4 Nbd7 $11) 17... Nc6 18. e5 Nd7 19. Nb3 {[%emt 0:00:08] Inhibits Nd4.} Nb4 20. Bxb7 Qxb7 21. Be3 c4 22. Na5 Qc7 23. Rfd1 (23. Ne4 $16) 23... f6 $1 $14 24. exf6 (24. Ra4 $14 fxe5 25. Rxb4 Qxa5 26. Rb7 (26. Rxc4 exf4 27. Rxf4 Nf6 $11)) 24... Nxf6 $15 25. Qe2 Nfd5 26. Bd2 ({Don't blunder} 26. Qxc4 $2 Qxc4 27. Nxc4 Bxc3 28. bxc3 Nxc2 $19) ({Much worse is} 26. Nxc4 Bxc3 27. bxc3 Nxc3 $17) 26... Nxc2 {[%emt 0:00:08] [#] Threatens to win with ...Nxc3.} (26... Nxf4 {is more complex.} 27. Bxf4 Qxf4 28. Nxc4 Nxc2 29. Rf1 Qh4) 27. Qxe6+ Qf7 28. Qxd5 Qxd5 29. Nxd5 {[%emt 0:00:06] Pair of Knights!} Nxa1 30. Rxa1 Bxb2 31. Rb1 c3 32. Nxc3 Bxc3 33. Bxc3 Rxf4 34. h3 Rc8 35. Bd2 Rd4 36. Rb2 Rd5 37. Kg1 Rb5 38. Rxb5 axb5 39. Kf2 Kf7 40. Ke3 Ke6 41. Ke4 Rc2 42. Nb3 {[%emt 0:00:06] Black must now prevent Nd4+.} Rb2 43. Nd4+ Kd6 44. Nf3 Kc5 {[%emt 0:00:41][%mdl 1024] Black has compensation.} 45. Kd3 b4 46. Be3+ Kb5 47. Nd2 Ra2 48. Bf4 Ka4 49. Ke4 (49. Be5 $15) 49... Ra1 (49... b3 $142 50. Kd3 Rc2) 50. g3 $17 Rh1 51. h4 b3 {[%emt 0:00:00] And now ...b2 would win.} 52. Nxb3 Kxb3 $15 {[%emt 0:00:00][%mdl 4096] Endgame KR-KB} 53. Ke5 Re1+ 54. Kf6 Kc4 55. Kg7 Re7+ 56. Kf6 Rb7 57. Ke5 (57. Kg5 $17) 57... Kd3 ({Black should try} 57... Rf7 $19 {...Kd3 is the strong threat.} 58. g4 Kd3) 58. Kf6 $17 Ke4 59. Kg5 Kd5 60. Kh6 Ke6 61. Kg5 Kf7 62. Kg4 $2 (62. Kh6) 62... Rb5 $19 {[%emt 0:00:00] Hoping for ...h5+.} 63. Be3 h5+ 64. Kf3 Ke6 $2 (64... Kf6 {( -> ...Kf5)} 65. g4 hxg4+ 66. Kxg4 Rb4+ 67. Kf3 Kf5) 65. Bf4 $2 {[%emt 0:00:18] [#]} (65. g4 $19) 65... Kf5 66. Ke3 Rb3+ 67. Kf2 Kg4 68. Kg2 Rb2+ 69. Kg1 Kf3 {[%emt 0:00:00] Weighted Error Value: White=0.12 (very precise) /Black=0.08 (flawless)} 0-1

[Event "Kezmarok Chess Open 2022"]
[Site "Kezmarok"]
[Date "2022.09.26"]
[Round "4.5"]
[White "Elias, David"]
[Black "Bazakutsa, Svyatoslav"]
[Result "0-1"]
[ECO "E92"]
[WhiteElo "1988"]
[BlackElo "2182"]
[Annotator "TA"]
[PlyCount "63"]
[EventDate "2022.09.24"]
[EventType "swiss"]
[EventCountry "SVK"]
[SourceTitle "playchess.com"]
[Source "ChessBase"]
[SourceQuality "1"]
[TimeControl "40/5400+30:1800+30"]

1. d4 Nf6 2. c4 g6 3. Nc3 Bg7 4. e4 d6 5. Nf3 O-O 6. Be2 e5 7. d5 a5 8. Bg5 h6 9. Be3 Ng4 {E92: King's Indian: Classical: 6 Be2 e5: 7 dxe5, 7 Be3 and Petrosian System without 7...Nbd7.} 10. Bd2 f5 11. exf5 gxf5 (11... Bxf5 $11 12. g3 (12. h3 Nxf2 13. Kxf2 e4 $17) 12... e4) 12. h3 (12. g3 $14) 12... Nf6 $11 13. Qc1 f4 14. g3 e4 $1 15. Nh4 e3 $1 16. fxe3 fxg3 {[%cal Of6e4] [#] ...Ne4! is the strong threat.} 17. Ng6 Re8 18. Qc2 (18. Rg1 $11) 18... Na6 $1 $36 {[%mdl 2048] Threatens to win with ...Nb4. Black has some pressure.} (18... g2 19. Rg1 $16) 19. Rg1 Nb4 20. Qb1 Ne4 21. Nxe4 Bf5 22. Bxb4 $4 {[%mdl 8192] [#]} ({Of course not} 22. Rxg3 Bxe4 23. Qc1 Nc2+ 24. Kf2 Nxa1 $17) (22. Nxg3 $15 Bxb1 23. Rxb1) 22... Bxg6 $146 ({Stronger than} 22... axb4 23. Rxg3 Bxe4 24. Bd3 Bxd3 25. Qxd3 $17) (22... Bxe4 $19 23. Bd3 Qg5) ({Predecessor:} 22... Bxe4 23. Bd3 Qf6 24. Rxg3 Bxg6 25. Bc3 Qh4 26. Kf2 Rxe3 27. Kxe3 Qxg3+ 28. Kd2 Qf2+ 29. Kd1 Bxc3 {0-1 (29) Hansen,T (2495)-Forcen Esteban,D (2539) Sitges 2015}) 23. Bd2 $2 {[%mdl 8192] Loses the game.} (23. Rxg3 $17 Bxe4 24. Rxg7+ Kxg7 25. Bc3+ Kh7 26. Bd3 Qh4+ 27. Ke2) 23... Qh4 24. Bd3 (24. Kd1 $142 Bxe4 25. Bd3 Qxh3 26. Bxe4 Qg4+ 27. Kc2 Rxe4 28. Qe1) 24... Rxe4 $19 25. Qc2 g2+ 26. Kd1 Qf2 27. Bxe4 Qxg1+ {Black mates.} 28. Be1 Bxe4 29. Qxe4 {[#]} Qxe1+ $3 30. Kxe1 g1=Q+ 31. Ke2 Qxa1 32. Qe6+ {Weighted Error Value: White=1.11/Black=0.20 (precise)} 0-1

[Event "Kezmarok Chess Open 2022"]
[Site "Kezmarok"]
[Date "2022.09.26"]
[Round "4.6"]
[White "Janik, Marek Tobias"]
[Black "Wisniewski, Michal"]
[Result "0-1"]
[ECO "B01"]
[WhiteElo "1823"]
[BlackElo "2152"]
[Annotator "TA"]
[PlyCount "52"]
[EventDate "2022.09.24"]
[EventType "swiss"]
[EventCountry "SVK"]
[SourceTitle "playchess.com"]
[Source "ChessBase"]
[SourceQuality "1"]
[TimeControl "40/5400+30:1800+30"]

1. e4 d5 2. exd5 Qxd5 3. Nc3 Qa5 4. d4 Nf6 5. Nf3 Nc6 6. Be2 Bg4 7. Be3 O-O-O 8. O-O e5 {[#] aiming for ...Bxf3. Black is much more active. The white rooks are badly placed.} 9. Nb5 {B01: Scandinavian Defence.} (9. d5 $17 {was necessary.}) 9... Bxf3 $19 10. gxf3 exd4 11. Nxd4 (11. Bf4 {is more resistant.} Rd7 12. a4) 11... Nxd4 12. Bxd4 Qg5+ 13. Kh1 Qh4 {[#] Threatens to win with ...Bd6. Black is clearly winning.} 14. f4 $146 ({Predecessor:} 14. Bxf6 gxf6 15. Bd3 Bd6 {0-1 (15) Kunovsky,D (2026)-Holeva,M (2034) Slovakia 2007}) 14... Qxf4 {...Bd6 is the strong threat.} 15. Be3 Qe4+ ({Not} 15... Rxd1 16. Bxf4 Rxa1 17. Rxa1 $15) 16. Bf3 Rxd1 17. Bxe4 Rxf1+ 18. Rxf1 Nxe4 19. f3 Nf6 20. Bd4 Be7 21. Rg1 Rd8 22. Bc3 g6 23. Re1 Nd5 24. Be5 Bf6 25. Bxf6 Nxf6 26. Re7 Rd7 {Black took control after the opening.  Weighted Error Value: White=0.63/Black=0.02 (flawless)} 0-1

[Event "Kezmarok Chess Open 2022"]
[Site "Kezmarok"]
[Date "2022.09.26"]
[Round "4.7"]
[White "Walter, Ema"]
[Black "Ropovik, Samuel"]
[Result "1-0"]
[ECO "B52"]
[WhiteElo "2062"]
[BlackElo "1497"]
[Annotator "ChessBase"]
[PlyCount "57"]
[EventDate "2022.09.24"]
[EventType "swiss"]
[EventCountry "SVK"]
[SourceTitle "playchess.com"]
[Source "ChessBase"]
[SourceQuality "1"]
[TimeControl "40/5400+30:1800+30"]

1. e4 c5 2. Nf3 d6 3. Bb5+ Bd7 4. Bxd7+ Qxd7 5. c4 e5 6. Nc3 Nc6 7. a3 Be7 8. d3 Bd8 9. Nd5 Ba5+ 10. Bd2 Bxd2+ 11. Qxd2 Nge7 12. b4 Nxd5 13. exd5 Nd4 14. Nxd4 cxd4 15. f4 O-O 16. fxe5 dxe5 17. O-O Rae8 18. Qa2 f5 19. c5 Kh8 20. a4 g6 21. Rae1 b6 22. Qc4 Qc7 23. d6 Qc6 24. Qb5 Qxb5 25. axb5 Re6 26. d7 Kg7 27. c6 Rd6 28. Rxe5 Kf7 29. Rfe1 1-0

[Event "Kezmarok Chess Open 2022"]
[Site "Kezmarok"]
[Date "2022.09.26"]
[Round "4.8"]
[White "Kovac, Lubomir"]
[Black "Vestur, Rastislav"]
[Result "1-0"]
[ECO "D37"]
[WhiteElo "2091"]
[BlackElo "1789"]
[Annotator "TA"]
[PlyCount "103"]
[EventDate "2022.09.24"]
[EventType "swiss"]
[EventCountry "SVK"]
[SourceTitle "playchess.com"]
[Source "ChessBase"]
[SourceQuality "1"]
[TimeControl "40/5400+30:1800+30"]

1. d4 Nf6 2. Nf3 e6 3. c4 d5 4. Nc3 dxc4 5. e3 a6 6. Bxc4 b5 7. Bd3 Bb7 8. O-O c5 9. Qe2 Nbd7 10. Rd1 Qc7 {The old main line.} 11. e4 cxd4 {D48: Semi-Slav: Meran System: 7...b5 8 Bd3 a6.} 12. Nxd4 Bd6 13. h3 (13. g3 $5 ) 13... O-O {The position is equal.} 14. Bg5 (14. Be3 $11 {keeps the balance.}) 14... Be5 {[#]} ({Better is} 14... b4 $17 15. Nb1 Bh2+ 16. Kh1 Be5) 15. Nf3 $146 ({Predecessor:} 15. Bc2 Rac8 16. Rac1 h6 17. Be3 Nb6 18. Bb3 Bxd4 19. Bxd4 Nbd7 20. Rc2 {0-1 (42) Nene,T (1963)-Selkirk,R (1612) Port Elizabeth 2013}) 15... Bxc3 16. Rac1 {[%mdl 64] [#] Pin} b4 17. bxc3 bxc3 18. Bd2 {A strong pair of Bishops.} Rfc8 19. Rxc3 Qd6 (19... Qd8 $11) 20. Rdc1 e5 21. Bg5 ({White should try} 21. Rxc8+ $16 Rxc8 22. Rxc8+ Bxc8 23. Be3) 21... Rxc3 22. Rxc3 h6 23. Bxf6 Nxf6 24. Qc2 (24. Rb3 {is interesting.} Bc6 25. Rb6 Qc5 26. Qe3) 24... Rd8 25. Nd2 Kh8 26. Nb3 Qb4 27. Nc5 {Strongly threatening a3.} Bc8 28. Kh2 a5 29. a3 Qb6 30. Rb3 Qd6 31. a4 (31. Bb5 $14) 31... Nd7 32. Nxd7 Bxd7 33. Bb5 {And now Rd3 would win.} Be6 $1 34. Rd3 $36 {[%mdl 2048] Black is under pressure.} Qe7 35. Rxd8+ Qxd8 {[%mdl 4096] Endgame KQB-KQB} 36. Qc3 f6 37. Qc6 Bb3 38. Bc4 Bxc4 39. Qxc4 Qd4 $2 {[%mdl 8192] [#]} (39... Qd2 $11) 40. Qxd4 $1 $18 exd4 {KP-KP} 41. Kg3 Kg8 42. Kf3 Kf7 43. Ke2 Ke6 44. f4 Kd6 45. Kd3 {White wants to mate with g3.} Kc5 46. g4 {White mates.} g6 47. h4 f5 48. exf5 gxf5 49. g5 hxg5 50. fxg5 Kd5 51. g6 Ke6 52. Kxd4 {Weighted Error Value: White=0.16 (very precise) /Black=0.27 (precise)} 1-0

[Event "Kezmarok Chess Open 2022"]
[Site "Kezmarok"]
[Date "2022.09.26"]
[Round "4.9"]
[White "Belus, Benjamin"]
[Black "Hagara, Eduard"]
[Result "1-0"]
[ECO "A20"]
[WhiteElo "1932"]
[BlackElo "1734"]
[Annotator "TA"]
[PlyCount "91"]
[EventDate "2022.09.24"]
[EventType "swiss"]
[EventCountry "SVK"]
[SourceTitle "playchess.com"]
[Source "ChessBase"]
[SourceQuality "1"]
[TimeControl "40/5400+30:1800+30"]

1. c4 e5 2. g3 Nf6 3. Bg2 c6 4. d4 Qa5+ 5. Bd2 Bb4 6. dxe5 {A20: English Opening: 1...e5.} Bxd2+ 7. Qxd2 Qxe5 8. Nf3 {White is slightly better.} Qe7 9. Nc3 O-O 10. O-O Na6 11. Nd4 {[#]} Nc7 $146 ({Predecessor:} 11... d6 12. e4 Rd8 13. Rfe1 Ne8 14. h3 Nac7 15. Rad1 g6 16. e5 Be6 17. exd6 Nxd6 {1-0 (23) Foisor,O (2491)-Schweizer,R (2042) Martigny 1999}) 12. Nf5 Qd8 13. Ne3 {Against d5. White has more active pieces. The black rooks are badly placed.} (13. Qg5 {feels hotter.} Ne6 14. Qe3 g6 15. Nd6) 13... d6 14. Rfd1 Nce8 15. b4 Qc7 16. b5 Rb8 17. a4 Be6 18. a5 a6 19. Rdb1 Nd7 20. bxa6 bxa6 21. Rxb8 Nxb8 22. Na4 Nd7 23. Rb1 (23. Rd1 $16) 23... Nef6 $11 24. Nb6 Rb8 25. Qd4 Ne8 {[#]} (25... h6 $11 {remains equal.}) 26. Rb3 ({Better is} 26. Rb2 $1 $16) 26... Nc5 27. Rb4 Nb7 {Threatens to win with ...c5.} 28. Qa1 Nf6 29. Qa4 Nd8 30. Nc2 c5 (30... Bf5 $11 {keeps the balance.}) 31. Rb3 $16 {Black is now going downhill.} Nd7 (31... Bd7 $16 {is a better defense.} 32. Qa2 (32. Nxd7 Qxd7 33. Qa2 Qc7 $14) 32... Nc6) 32. Ne3 $18 g6 $2 (32... Kh8 {might work better.} 33. h4 Qa7) 33. Ned5 Qa7 34. Re3 Ne5 35. Nf6+ ({Not} 35. Qe8+ Kg7 36. Ne7 f6 $16) 35... Kg7 36. Ne8+ Kf8 {[#] ...Qe7 is the strong threat.} 37. Nxd6 Ng4 38. Rd3 Ne5 $2 (38... Qe7 {was called for.} 39. Qa3 f5 40. Qxc5 Nf7) 39. Rd1 Nd7 $2 (39... Qe7 40. f4 Ng4) 40. Qa1 Nxb6 41. axb6 (41. Qh8+ $142 Ke7 42. Qe8+ Kf6 43. Qf8 Qd7 44. Ne4+ Kf5 45. Qxc5+ Qd5 46. cxd5 Nc6 47. Bh3+ Ke5 48. dxe6+ Kxe4 49. Bg2#) 41... Qxb6 42. Qh8+ Ke7 43. Qe8+ Kf6 44. Qf8 {White threatens Ne4+ and mate.} Nc6 45. Ne4+ Kf5 46. Qg7 {Weighted Error Value: White=0.24 (precise) /Black=0.65} 1-0

[Event "Kezmarok Chess Open 2022"]
[Site "Kezmarok"]
[Date "2022.09.26"]
[Round "4.10"]
[White "Sekova, Olivia"]
[Black "Mirowska, Oliwia"]
[Result "1/2-1/2"]
[ECO "B01"]
[WhiteElo "1797"]
[BlackElo "1856"]
[Annotator "NA RC"]
[PlyCount "142"]
[EventDate "2022.09.24"]
[EventType "swiss"]
[EventCountry "SVK"]
[SourceTitle "playchess.com"]
[Source "ChessBase"]
[SourceQuality "1"]
[TimeControl "40/5400+30:1800+30"]

1. e4 d5 2. exd5 Qxd5 3. Nc3 Qa5 4. d4 Nf6 5. Nf3 Nc6 6. Bb5 Ne4 7. Bd2 Nxc3 8. Bxc6+ bxc6 9. Bxc3 Qd5 10. O-O Bg4 11. Re1 Bxf3 12. Qxf3 Qxf3 13. gxf3 e6 14. Rad1 Bd6 15. d5 cxd5 16. Rxd5 O-O 17. Ra5 h6 18. Re4 Kh7 19. Rea4 Rfd8 20. Rxa7 Rxa7 21. Rxa7 Bf4 22. a4 Rd5 23. a5 Rg5+ 24. Kf1 Bxh2 25. a6 Rg1+ 26. Ke2 Ra1 27. Ra8 h5 28. a7 Bd6 29. b4 Ra2 30. Bd4 Bxb4 31. Rb8 c5 32. Bxc5 Bxc5 33. a8=Q Rxa8 34. Rxa8 Kg6 35. f4 Bd6 36. Ke3 Kf6 37. Ra5 g6 38. Ke4 Bc7 39. Rb5 Ke7 40. c4 Kd7 41. Rb1 Kc6 42. Rd1 Bd6 43. Ra1 Bc7 44. Ra8 Kd7 45. c5 Kc6 {[%emt 0:05:09] [#]} 46. Ra7 $2 ({White has to play} 46. Rf8 $1 $18 ) 46... Kd7 47. Ra6 Ke7 48. Ra8 Kd7 49. Ra6 Ke7 50. c6 Kd6 51. Kd4 h4 52. Ke4 Kc5 53. Kf3 h3 54. Kg3 h2 55. Kxh2 Bxf4+ 56. Kg2 Kb5 57. Ra7 Kxc6 58. Rxf7 g5 59. Kf3 Kd5 60. Rd7+ Ke5 61. Ra7 Kf5 62. Rf7+ Ke5 63. Rf8 Kd5 64. Kg4 Ke4 65. f3+ Ke3 66. Rd8 e5 67. Rd7 Ke2 $14 68. Rb7 Ke3 69. Rb2 Kd3 70. Rb4 Ke3 71. Re4+ Kf2 1/2-1/2

[Event "Kezmarok Chess Open 2022"]
[Site "Kezmarok"]
[Date "2022.09.26"]
[Round "4.11"]
[White "Velychko, Semen"]
[Black "Juracak, David"]
[Result "1-0"]
[ECO "D00"]
[WhiteElo "1604"]
[BlackElo "1708"]
[Annotator "NA RC"]
[PlyCount "79"]
[EventDate "2022.09.24"]
[EventType "swiss"]
[EventCountry "SVK"]
[SourceTitle "playchess.com"]
[Source "ChessBase"]
[SourceQuality "1"]
[TimeControl "40/5400+30:1800+30"]

1. d4 d5 2. Nc3 e6 3. Bf4 Nf6 4. e3 Bd6 5. Nge2 O-O 6. g3 b6 7. Bg2 Bb7 8. O-O c5 9. Be5 Bxe5 10. dxe5 Ng4 11. Qc1 Nxe5 12. f4 Ng4 13. f5 e5 14. Rd1 Qg5 15. Nxd5 Nc6 16. e4 Qxc1 17. Raxc1 Nd4 18. Nxd4 cxd4 19. h3 Bxd5 20. hxg4 Bxa2 21. b3 Rfc8 22. Bf1 Rc5 23. Bc4 b5 24. Bd3 b4 25. Ra1 Ra5 26. Rdb1 Bxb1 27. Rxa5 Rc8 28. Ra1 Rc5 29. Rxb1 h6 30. g5 hxg5 31. Kf2 g6 32. fxg6 fxg6 33. Kf3 Kg7 34. Kg4 a5 35. Kxg5 Rc7 36. Rf1 Rc6 37. Bc4 a4 38. Rf7+ Kh8 39. Bd5 Rc3 40. Kh6 1-0

[Event "Kezmarok Chess Open 2022"]
[Site "Kezmarok"]
[Date "2022.09.26"]
[Round "4.12"]
[White "Smetana, Peter"]
[Black "Rakovsky, Jakub"]
[Result "1/2-1/2"]
[ECO "C47"]
[WhiteElo "1715"]
[BlackElo "2012"]
[Annotator "TA"]
[PlyCount "64"]
[EventDate "2022.09.24"]
[EventType "swiss"]
[EventCountry "SVK"]
[SourceTitle "playchess.com"]
[Source "ChessBase"]
[SourceQuality "1"]
[TimeControl "40/5400+30:1800+30"]

1. e4 e5 2. Nf3 Nc6 3. Nc3 Nf6 4. d4 exd4 5. Nxd4 Bb4 6. Nxc6 bxc6 7. Bd3 O-O 8. O-O d5 9. exd5 cxd5 10. h3 {C47: Scotch Four Knights and Four Knights with 4 g3.} h6 11. Qf3 c6 12. Bf4 Re8 13. a3 Bd6 14. Rfe1 Rxe1+ 15. Rxe1 Be6 {[#]} 16. Bxd6 $146 (16. b4 {feels hotter.} a5 17. b5 Bxf4 18. Qxf4 cxb5 19. Nxb5 Rc8 20. Rb1) ({Predecessor:} 16. Ne2 c5 17. Bxd6 Qxd6 18. Nf4 Re8 19. b3 Bd7 20. Rxe8+ Bxe8 21. Qe3 Bc6 22. Ne2 {½-½ (35) Paravyan,D (2620)-Swiercz,D (2652) Chess.com INT 2022}) 16... Qxd6 17. Qg3 Qxg3 18. fxg3 a5 19. g4 Kf8 20. b3 g5 21. Kf2 Ke7 22. Na4 Nd7 23. Ke3 {The position is equal.} Kd6 24. Kd2 Rb8 25. Nc3 Ne5 26. Rf1 Ke7 27. Re1 Nxd3 28. Kxd3 Kd6 29. Rf1 Ke5 30. Re1+ Kd6 31. Rf1 Ke5 32. Re1+ Kd6 {A balanced but interesting game.  Weighted Error Value: White=0.07 (flawless) /Black=0.04 (flawless)} 1/2-1/2

[Event "Kezmarok Chess Open 2022"]
[Site "Kezmarok"]
[Date "2022.09.26"]
[Round "4.13"]
[White "Fizerova, Lucie"]
[Black "Fizer, Marek"]
[Result "1/2-1/2"]
[ECO "A36"]
[WhiteElo "1779"]
[BlackElo "1963"]
[Annotator "NA RC"]
[PlyCount "30"]
[EventDate "2022.09.24"]
[EventType "swiss"]
[EventCountry "SVK"]
[SourceTitle "playchess.com"]
[Source "ChessBase"]
[SourceQuality "1"]
[TimeControl "40/5400+30:1800+30"]

1. c4 c5 2. Nc3 Nc6 3. g3 g6 4. Bg2 Bg7 5. e4 d6 6. Nge2 Nf6 7. O-O O-O 8. a3 a5 9. d3 Ne8 10. f4 Rb8 11. a4 f5 12. Rb1 Kh8 13. Bd2 Nd4 14. Nxd4 cxd4 15. Nb5 b6 1/2-1/2

[Event "Kezmarok Chess Open 2022"]
[Site "Kezmarok"]
[Date "2022.09.26"]
[Round "4.14"]
[White "Striskova, Lucia"]
[Black "Kapolkova, Greta"]
[Result "1/2-1/2"]
[ECO "C45"]
[WhiteElo "1866"]
[BlackElo "1723"]
[Annotator "NA RC"]
[PlyCount "64"]
[EventDate "2022.09.24"]
[EventType "swiss"]
[EventCountry "SVK"]
[SourceTitle "playchess.com"]
[Source "ChessBase"]
[SourceQuality "1"]
[TimeControl "40/5400+30:1800+30"]

1. Nf3 Nc6 2. e4 e5 3. d4 exd4 4. Nxd4 Bc5 5. Nb3 Bb6 6. Nc3 Nf6 {[%emt 0:00:09] 6...Nf6 scores better than 6...d6.} 7. a4 a5 8. Bg5 h6 9. Bh4 d6 10. Bb5 Bd7 11. Qd2 g5 12. Bg3 Qe7 13. O-O-O O-O-O 14. Rhe1 Ne5 {[%emt 0:05:08] [#]} 15. Nd4 $146 ({Predecessor:} 15. Bxd7+ Qxd7 16. Nb5 Nc6 17. Qc3 Qe7 18. N5d4 Nxd4 19. Nxd4 Kb8 20. e5 dxe5 21. Bxe5 {½-½ (41) Macak,S (2214)-Rybansky,D (2338) Presov 2001}) 15... Bxb5 16. Ndxb5 Ned7 17. Nd5 Nxd5 18. Qxd5 Nc5 19. Qc4 f6 20. f3 Kb8 21. Nc3 c6 22. b4 axb4 23. Qxb4 Bc7 24. Bf2 Na6 25. Qd4 Kc8 26. Bg3 Nc5 27. Re2 Rd7 28. Red2 Rhd8 29. Qb4 Na6 30. Qc4 Nc5 31. Qb4 Na6 32. Qc4 Nc5 $11 (32... h5 $15) 1/2-1/2

[Event "Kezmarok Chess Open 2022"]
[Site "Kezmarok"]
[Date "2022.09.26"]
[Round "4.15"]
[White "Skapikova, Lubica"]
[Black "Horbalova, Ivana"]
[Result "1-0"]
[ECO "B21"]
[WhiteElo "1823"]
[BlackElo "1286"]
[Annotator "NA RC"]
[PlyCount "59"]
[EventDate "2022.09.24"]
[EventType "swiss"]
[EventCountry "SVK"]
[SourceTitle "playchess.com"]
[Source "ChessBase"]
[SourceQuality "1"]
[TimeControl "40/5400+30:1800+30"]

1. e4 c5 2. f4 e6 3. Nf3 a6 4. Nc3 Nc6 5. d3 Be7 6. Be2 d6 7. O-O Bd7 8. h3 Nd4 9. Be3 Nxe2+ 10. Qxe2 h5 11. g3 Nh6 12. Ng5 g6 13. Qf2 f5 14. d4 Qc7 15. Nf3 Nf7 16. Rad1 c4 17. d5 e5 18. fxe5 dxe5 19. d6 Bxd6 20. Nd5 Qc6 21. Nf6+ Ke7 22. Nxd7 Qxd7 23. Bc5 f4 24. Bxd6+ Nxd6 25. Nxe5 Qxh3 26. Nxg6+ Kd7 27. Qxf4 Qe6 28. Nxh8 Rxh8 29. e5 Rg8 30. Rxd6+ 1-0